Senators vs Ducks

Created - October 23 2007 at 19:00

Goals
1 2 3 T
Senators 1 0 1 2
Ducks 1 2 2 5
Shots
1 2 3 T
Senators 6 8 8 22
Ducks 10 8 8 26

Period #1

1. Ducks , Mike Fisher 3 (Patrick Marleau, Scott Niedermayer) at 3:33
2. Senators , Dustin Penner 2 (Alexander Radulov, Jean-Pierre Dumont) at 18:55 (PP)

Penalities :
Lee Stempniak (OTT) for Holding (Minor) at 4:48, Alexander Radulov (OTT) for Holding (Minor) at 6:07, Jean-Pierre Dumont (OTT) for Roughing (Minor) at 10:32, Dan Hamhuis (OTT) for Interference (Minor) at 11:50, Petr Cajanek (ANA) for High sticking (Minor) at 14:12, Mike Fisher (ANA) for Hooking (Minor) at 18:49

Period #2

3. Ducks , Patrick Marleau 5 (Andy Mcdonald, Mike Fisher) at 0:20
4. Ducks , Andrew Brunette 3 (Francois Beauchemin, Chris Kunitz) at 8:29 (PP)

Penalities :
Marc-Andre Bergeron (OTT) for High sticking (Minor) at 6:32, Chris Pronger (ANA) for Fighting (Major) at 10:44, Dan Hamhuis (OTT) for Fighting (Major) at 10:44, Hal Gill (ANA) for Roughing (Minor) at 10:47, Patrick Marleau (ANA) for Boarding (Minor) at 15:30

Period #3

5. Ducks , Mike Sillinger 4 (Tuomo Ruutu, Petr Cajanek) at 5:23
6. Ducks , Petr Cajanek 2 (Chris Kunitz) at 17:44
7. Senators , Lee Stempniak 2 (Rostislav Olesz, Mike Cammalleri) at 18:29

Penalities :
Mike Fisher (ANA) for Roughing (Minor) at 2:29, Anton Volchenkov (OTT) for Roughing (Minor) at 8:58, Jay Bouwmeester (OTT) for Hooking (Minor) at 10:02, Bryan Allen (ANA) for Holding (Minor) at 13:56, Tuomo Ruutu (ANA) for Hooking (Minor) at 19:32

Goalie Stats

Pascal Leclaire (OTT), 21 saves from 26 shots - (0.808), L, 1-2-1, 60:00 minutes
Jean-Sebastien Giguere (ANA), 20 saves from 22 shots - (0.909), W, 7-3-0, 60:00 minutes

Players Stats

Senators
Player Name              G  A  P  +/- PIM S  H  SB FO MP 
-----------------------------------------------------------
Alexander Frolov         0  0  0  -4  0   3  1  0  11 20 
Alexander Radulov        0  1  1  -4  2   2  1  0  3  18 
Andrej Meszaros          0  0  0   1  0   0  0  1  0  14 
Antoine Vermette         0  0  0  -4  0   2  0  0  21 19 
Anton Volchenkov         0  0  0  -4  2   0  3  0  0  16 
Chris Kelly              0  0  0   0  0   0  1  1  9  9  
Dan Hamhuis              0  0  0  -4  7   1  0  2  0  17 
Dustin Penner            1  0  1   0  0   2  1  0  2  16 
Jason Spezza             0  0  0   0  0   1  0  3  22 17 
Jay Bouwmeester          0  0  0   0  2   0  1  2  0  22 
Jean-Pierre Dumont       0  1  1   0  2   1  0  0  2  17 
Lee Stempniak            1  0  1   1  2   1  1  0  1  14 
Marc-Andre Bergeron      0  0  0   0  2   0  0  4  0  25 
Mike Cammalleri          0  1  1   1  0   4  0  0  5  24 
Peter Schaefer           0  0  0   0  0   1  1  0  1  8  
Petr Prucha              0  0  0   0  0   1  0  0  1  13 
Rostislav Olesz          0  1  1   1  0   3  1  0  15 14 
Tom Preissing            0  0  0   1  0   0  3  1  0  21 
Ducks
Player Name              G  A  P  +/- PIM S  H  SB FO MP 
-----------------------------------------------------------
Andrew Brunette          1  0  1   0  0   1  1  0  0  20 
Andy Mcdonald            0  1  1   2  0   1  1  0  26 19 
Bryan Allen              0  0  0   2  2   0  0  1  0  21 
Chris Kunitz             0  2  2   0  0   3  2  0  0  20 
Chris Pronger            0  0  0   0  5   0  0  2  0  24 
Francois Beauchemin      0  1  1   0  0   0  2  1  0  23 
Hal Gill                 0  0  0   1  2   1  2  2  0  17 
Marek Malik              0  0  0   1  0   0  0  1  0  18 
Mike Fisher              1  1  2   2  4   4  3  0  5  21 
Mike Sillinger           1  0  1   1  0   2  2  0  5  14 
Patrick Marleau          1  1  2   2  2   6  1  1  9  23 
Paul Stastny             0  0  0   0  0   1  2  0  12 13 
Petr Cajanek             1  1  2   1  2   5  2  0  16 13 
Samuel Pahlsson          0  0  0   0  0   1  0  0  7  8  
Scott Niedermayer        0  1  1   2  0   1  1  0  0  22 
Todd Marchant            0  0  0   0  0   0  0  0  9  9  
Travis Green             0  0  0   0  0   0  4  0  3  10 
Tuomo Ruutu              0  1  1   1  2   0  0  0  1  13 

3 Stars

1 - Mike Fisher (ANA)
2 - Patrick Marleau (ANA)
3 - Petr Cajanek (ANA)

Power Play

Senators - 1 on 7 Attempt(s) - 14.29%
Ducks - 1 on 7 Attempt(s) - 14.29%

Penalty Kill

Senators - 6 on 7 Attempt(s) - 85.71% - Score 0 goal in Penalty Kill
Ducks - 6 on 7 Attempt(s) - 85.71% - Score 0 goal in Penalty Kill

Game Notes

Chris Pronger beats up Dan Hamhuis at 10:44 of 2nd period
Paul Stastny is injured at 14:14 of 2nd period (Hip)
Samuel Pahlsson is injured at 12:13 of 3rd period (Lower Back)

Finance

Level 1 -- Attendance: 4029 (67.14%) -- Ticket Income $402,900.00
Level 2 -- Attendance: 2654 (63.58%) -- Ticket Income $159,240.00
Level 3 -- Attendance: 1832 (91.61%) -- Ticket Income $64,120.00
Level 4 -- Attendance: 3222 (80.56%) -- Ticket Income $64,440.00
Luxury Box -- Attendance: 807 (80.69%) -- Ticket Income $161,400.00
Game was played at the Arrowhead Pond
Total Attendance: 12544 (73.04%)
Total Ticket Income: $898,199.90
Other Income: $177,484.80
Total Income: $1,075,685.00


Play by Play

Period #1

0:01 of 1st period - Jason Spezza wins face-off versus Andy Mcdonald in neutral zone.
0:17 of 1st period - Icing by Bryan Allen.
0:18 of 1st period - Antoine Vermette wins face-off versus Patrick Marleau in Ducks zone.
0:33 of 1st period - Shot by Alexander Radulov.
0:33 of 1st period - Shot Misses the Net.
0:38 of 1st period - Andy Mcdonald is hit by Anton Volchenkov and loses puck.
1:19 of 1st period - Shot by Chris Kunitz.
1:19 of 1st period - Shot Misses the Net.
1:21 of 1st period - Shot by Chris Kunitz.
1:21 of 1st period - Stopped by Pascal Leclaire without a rebound.
1:22 of 1st period - Jason Spezza wins face-off versus Petr Cajanek in Senators zone.
1:28 of 1st period - Off-side.
1:29 of 1st period - Rostislav Olesz wins face-off versus Petr Cajanek in neutral zone.
1:47 of 1st period - Shot by Petr Cajanek.
1:47 of 1st period - Stopped by Pascal Leclaire without a rebound.
1:48 of 1st period - Paul Stastny wins face-off versus Jason Spezza in Senators zone.
1:53 of 1st period - Shot by Andrew Brunette.
1:53 of 1st period - Shot Misses the Net.
1:57 of 1st period - Shot by Paul Stastny.
1:57 of 1st period - Shot Misses the Net.
1:59 of 1st period - Shot by Chris Pronger.
1:59 of 1st period - Shot Misses the Net.
2:21 of 1st period - Shot by Andrew Brunette.
2:21 of 1st period - Shot Blocked by Marc-Andre Bergeron.
2:25 of 1st period - Shot by Andrew Brunette.
2:25 of 1st period - Shot Blocked by Marc-Andre Bergeron.
2:43 of 1st period - Off-side.
2:44 of 1st period - Petr Cajanek wins face-off versus Rostislav Olesz in neutral zone.
3:05 of 1st period - Shot by Rostislav Olesz.
3:05 of 1st period - Stopped by Jean-Sebastien Giguere without a rebound.
3:06 of 1st period - Andy Mcdonald wins face-off versus Antoine Vermette in Ducks zone.
3:33 of 1st period - Shot by Mike Fisher.
3:33 of 1st period - Goal by Mike Fisher - Senators : 0 - Ducks : 1.
3:34 of 1st period - Rostislav Olesz wins face-off versus Petr Cajanek in neutral zone.
3:43 of 1st period - Shot by Mike Sillinger.
3:43 of 1st period - Shot Blocked by Andrej Meszaros.
3:45 of 1st period - Shot by Marek Malik.
3:45 of 1st period - Shot Blocked by Tom Preissing.
3:55 of 1st period - Shot by Tuomo Ruutu.
3:55 of 1st period - Shot Misses the Net.
3:59 of 1st period - Shot by Petr Cajanek.
3:59 of 1st period - Stopped by Pascal Leclaire without a rebound.
4:00 of 1st period - Paul Stastny wins face-off versus Chris Kelly in Senators zone.
4:26 of 1st period - Shot by Paul Stastny.
4:26 of 1st period - Stopped by Pascal Leclaire without a rebound.
4:27 of 1st period - Patrick Marleau wins face-off versus Lee Stempniak in Senators zone.
4:27 of 1st period - Patrick Marleau is hit by Tom Preissing.
4:31 of 1st period - Shot by Andy Mcdonald.
4:31 of 1st period - Shot Misses the Net.
4:40 of 1st period - Mike Cammalleri is hit by Mike Fisher and loses puck.
4:48 of 1st period - Minor Penalty to Lee Stempniak for Holding.
4:49 of 1st period - Paul Stastny wins face-off versus Alexander Frolov in Ducks zone.
5:41 of 1st period - Mike Fisher is hit by Tom Preissing and loses puck.
6:07 of 1st period - Minor Penalty to Alexander Radulov for Holding.
6:08 of 1st period - Alexander Frolov wins face-off versus Andy Mcdonald in Senators zone.
6:37 of 1st period - Shot by Scott Niedermayer.
6:37 of 1st period - Stopped by Pascal Leclaire with a rebound.
7:47 of 1st period - Shot by Dustin Penner.
7:47 of 1st period - Shot Blocked by Patrick Marleau.
7:49 of 1st period - Shot by Chris Kelly.
7:49 of 1st period - Shot Misses the Net.
7:51 of 1st period - Shot by Antoine Vermette.
7:51 of 1st period - Stopped by Jean-Sebastien Giguere without a rebound.
7:52 of 1st period - Antoine Vermette wins face-off versus Paul Stastny in Ducks zone.
8:15 of 1st period - Shot by Mike Sillinger.
8:15 of 1st period - Shot Misses the Net.
8:17 of 1st period - Shot by Hal Gill.
8:17 of 1st period - Shot Misses the Net.
8:19 of 1st period - Shot by Marek Malik.
8:19 of 1st period - Shot Misses the Net.
8:21 of 1st period - Shot by Petr Cajanek.
8:21 of 1st period - Deflect By Tuomo Ruutu.
8:21 of 1st period - Shot Misses the Net.
8:23 of 1st period - Shot by Tuomo Ruutu.
8:23 of 1st period - Shot Blocked by Dan Hamhuis.
8:25 of 1st period - Shot by Hal Gill.
8:25 of 1st period - Stopped by Pascal Leclaire without a rebound.
8:26 of 1st period - Rostislav Olesz wins face-off versus Todd Marchant in Senators zone.
8:49 of 1st period - Icing by Tom Preissing.
8:50 of 1st period - Rostislav Olesz wins face-off versus Petr Cajanek in Senators zone.
8:50 of 1st period - Rostislav Olesz is hit by Petr Cajanek.
9:02 of 1st period - Shot by Andrej Meszaros.
9:02 of 1st period - Shot Misses the Net.
9:38 of 1st period - Alexander Frolov is hit by Paul Stastny and loses puck.
10:27 of 1st period - Shot by Mike Fisher.
10:27 of 1st period - Deflect By Patrick Marleau.
10:27 of 1st period - Stopped by Pascal Leclaire without a rebound.
10:28 of 1st period - Jason Spezza wins face-off versus Andy Mcdonald in Senators zone.
10:32 of 1st period - Minor Penalty to Jean-Pierre Dumont for Roughing.
10:33 of 1st period - Jason Spezza wins face-off versus Andy Mcdonald in neutral zone.
10:39 of 1st period - Icing by Bryan Allen.
10:40 of 1st period - Andy Mcdonald wins face-off versus Alexander Frolov in Ducks zone.
11:50 of 1st period - Minor Penalty to Dan Hamhuis for Interference.
11:51 of 1st period - Andy Mcdonald wins face-off versus Mike Cammalleri in Senators zone.
12:04 of 1st period - Shot by Andy Mcdonald.
12:04 of 1st period - Stopped by Pascal Leclaire without a rebound.
12:05 of 1st period - Paul Stastny wins face-off versus Alexander Frolov in Senators zone.
12:50 of 1st period - Shot by Mike Fisher.
12:50 of 1st period - Shot Misses the Net.
12:54 of 1st period - Shot by Mike Fisher.
12:54 of 1st period - Shot Misses the Net.
12:58 of 1st period - Shot by Patrick Marleau.
12:58 of 1st period - Stopped by Pascal Leclaire without a rebound.
12:59 of 1st period - Andy Mcdonald wins face-off versus Alexander Radulov in Senators zone.
13:50 of 1st period - Shot by Paul Stastny.
13:50 of 1st period - Shot Misses the Net.
13:53 of 1st period - Icing by Petr Prucha.
13:54 of 1st period - Chris Kelly wins face-off versus Mike Sillinger in Senators zone.
13:54 of 1st period - Marc-Andre Bergeron is hit by Mike Sillinger and loses puck.
14:02 of 1st period - Mike Sillinger is hit by Chris Kelly and loses puck.
14:12 of 1st period - Minor Penalty to Petr Cajanek for High sticking.
14:13 of 1st period - Antoine Vermette wins face-off versus Samuel Pahlsson in neutral zone.
14:28 of 1st period - Shot by Alexander Radulov.
14:28 of 1st period - Stopped by Jean-Sebastien Giguere without a rebound.
14:29 of 1st period - Samuel Pahlsson wins face-off versus Jason Spezza in Ducks zone.
16:09 of 1st period - Shot by Jason Spezza.
16:09 of 1st period - Stopped by Jean-Sebastien Giguere without a rebound.
16:10 of 1st period - Antoine Vermette wins face-off versus Todd Marchant in Ducks zone.
16:12 of 1st period - Jean-Pierre Dumont is hit by Chris Kunitz and loses puck.
16:35 of 1st period - Shot by Alexander Radulov.
16:35 of 1st period - Stopped by Jean-Sebastien Giguere without a rebound.
16:36 of 1st period - Petr Cajanek wins face-off versus Chris Kelly in Ducks zone.
17:10 of 1st period - Shot by Mike Sillinger.
17:10 of 1st period - Shot Misses the Net.
17:57 of 1st period - Off-side.
17:58 of 1st period - Antoine Vermette wins face-off versus Andy Mcdonald in neutral zone.
18:02 of 1st period - Icing by Francois Beauchemin.
18:03 of 1st period - Andy Mcdonald wins face-off versus Dustin Penner in Ducks zone.
18:42 of 1st period - Shot by Jean-Pierre Dumont.
18:42 of 1st period - Shot Blocked by Bryan Allen.
18:44 of 1st period - Shot by Jay Bouwmeester.
18:44 of 1st period - Shot Hit the Post.
18:46 of 1st period - Shot by Dustin Penner.
18:46 of 1st period - Shot Blocked by Francois Beauchemin.
18:49 of 1st period - Minor Penalty to Mike Fisher for Hooking.
18:50 of 1st period - Antoine Vermette wins face-off versus Samuel Pahlsson in Ducks zone.
18:55 of 1st period - Shot by Dustin Penner.
18:55 of 1st period - Goal by Dustin Penner - Senators : 1 - Ducks : 1.
18:56 of 1st period - Todd Marchant wins face-off versus Rostislav Olesz in neutral zone.

Period #2

0:01 of 2nd period - Andy Mcdonald wins face-off versus Jason Spezza in neutral zone.
0:05 of 2nd period - Icing by Jay Bouwmeester.
0:06 of 2nd period - Jason Spezza wins face-off versus Paul Stastny in Senators zone.
0:12 of 2nd period - Off-side.
0:13 of 2nd period - Andy Mcdonald wins face-off versus Antoine Vermette in neutral zone.
0:20 of 2nd period - Shot by Andy Mcdonald.
0:20 of 2nd period - Deflect By Patrick Marleau.
0:20 of 2nd period - Goal by Patrick Marleau - Senators : 1 - Ducks : 2.
0:21 of 2nd period - Paul Stastny wins face-off versus Jean-Pierre Dumont in neutral zone.
0:39 of 2nd period - Shot by Jean-Pierre Dumont.
0:39 of 2nd period - Shot Misses the Net.
0:41 of 2nd period - Shot by Jean-Pierre Dumont.
0:41 of 2nd period - Stopped by Jean-Sebastien Giguere without a rebound.
0:42 of 2nd period - Alexander Radulov wins face-off versus Andy Mcdonald in Ducks zone.
0:43 of 2nd period - Shot by Alexander Frolov.
0:43 of 2nd period - Stopped by Jean-Sebastien Giguere without a rebound.
0:44 of 2nd period - Andy Mcdonald wins face-off versus Antoine Vermette in Ducks zone.
0:44 of 2nd period - Andy Mcdonald is hit by Alexander Radulov.
0:47 of 2nd period - Patrick Marleau is hit by Anton Volchenkov and loses puck.
0:51 of 2nd period - Icing by Bryan Allen.
0:52 of 2nd period - Rostislav Olesz wins face-off versus Mike Fisher in Ducks zone.
1:47 of 2nd period - Off-side.
1:48 of 2nd period - Petr Cajanek wins face-off versus Jason Spezza in neutral zone.
1:50 of 2nd period - Off-side.
1:51 of 2nd period - Paul Stastny wins face-off versus Jason Spezza in neutral zone.
3:30 of 2nd period - Bryan Allen is hit by Anton Volchenkov and loses puck.
3:43 of 2nd period - Shot by Patrick Marleau.
3:43 of 2nd period - Stopped by Pascal Leclaire with a rebound.
3:45 of 2nd period - Shot by Mike Fisher.
3:45 of 2nd period - Stopped by Pascal Leclaire without a rebound.
3:46 of 2nd period - Rostislav Olesz wins face-off versus Petr Cajanek in Senators zone.
3:46 of 2nd period - Rostislav Olesz is hit by Mike Sillinger.
3:56 of 2nd period - Shot by Mike Cammalleri.
3:56 of 2nd period - Stopped by Jean-Sebastien Giguere without a rebound.
3:57 of 2nd period - Petr Cajanek wins face-off versus Jason Spezza in Ducks zone.
4:20 of 2nd period - Shot by Tuomo Ruutu.
4:20 of 2nd period - Shot Misses the Net.
4:24 of 2nd period - Shot by Mike Sillinger.
4:24 of 2nd period - Deflect By Petr Cajanek.
4:24 of 2nd period - Shot Blocked by Jay Bouwmeester.
4:26 of 2nd period - Shot by Hal Gill.
4:26 of 2nd period - Shot Misses the Net.
5:00 of 2nd period - Patrick Marleau is hit by Rostislav Olesz and loses puck.
5:19 of 2nd period - Shot by Mike Cammalleri.
5:19 of 2nd period - Stopped by Jean-Sebastien Giguere with a rebound.
5:21 of 2nd period - Shot by Rostislav Olesz.
5:21 of 2nd period - Stopped by Jean-Sebastien Giguere without a rebound.
5:22 of 2nd period - Chris Kelly wins face-off versus Paul Stastny in Ducks zone.
6:18 of 2nd period - Dan Hamhuis is hit by Patrick Marleau and loses puck.
6:29 of 2nd period - Shot by Mike Fisher.
6:29 of 2nd period - Shot Blocked by Chris Kelly.
6:32 of 2nd period - Minor Penalty to Marc-Andre Bergeron for High sticking.
6:33 of 2nd period - Alexander Frolov wins face-off versus Mike Fisher in Senators zone.
6:33 of 2nd period - Alexander Frolov is hit by Andy Mcdonald.
6:36 of 2nd period - Mike Cammalleri is hit by Mike Fisher and loses puck.
6:46 of 2nd period - Off-side.
6:47 of 2nd period - Mike Cammalleri wins face-off versus Andy Mcdonald in neutral zone.
7:42 of 2nd period - Shot by Andrew Brunette.
7:42 of 2nd period - Shot Blocked by Dan Hamhuis.
8:05 of 2nd period - Icing by Patrick Marleau.
8:06 of 2nd period - Alexander Frolov wins face-off versus Andy Mcdonald in Ducks zone.
8:07 of 2nd period - Shot by Mike Cammalleri.
8:07 of 2nd period - Stopped by Jean-Sebastien Giguere without a rebound.
8:08 of 2nd period - Alexander Frolov wins face-off versus Paul Stastny in Ducks zone.
8:25 of 2nd period - Shot by Chris Kunitz.
8:25 of 2nd period - Shot Misses the Net.
8:29 of 2nd period - Shot by Andrew Brunette.
8:29 of 2nd period - Goal by Andrew Brunette - Senators : 1 - Ducks : 3.
8:30 of 2nd period - Petr Cajanek wins face-off versus Mike Cammalleri in neutral zone.
8:30 of 2nd period - Mike Sillinger is hit by Lee Stempniak and loses puck.
8:41 of 2nd period - Shot by Petr Cajanek.
8:41 of 2nd period - Stopped by Pascal Leclaire without a rebound.
8:42 of 2nd period - Petr Cajanek wins face-off versus Jason Spezza in Senators zone.
8:43 of 2nd period - Shot by Tuomo Ruutu.
8:43 of 2nd period - Shot Misses the Net.
8:47 of 2nd period - Shot by Mike Sillinger.
8:47 of 2nd period - Shot Misses the Net.
8:51 of 2nd period - Shot by Petr Cajanek.
8:51 of 2nd period - Shot Misses the Net.
9:16 of 2nd period - Shot by Petr Cajanek.
9:16 of 2nd period - Stopped by Pascal Leclaire without a rebound.
9:17 of 2nd period - Rostislav Olesz wins face-off versus Andy Mcdonald in Senators zone.
10:15 of 2nd period - Icing by Anton Volchenkov.
10:16 of 2nd period - Paul Stastny wins face-off versus Antoine Vermette in Senators zone.
10:24 of 2nd period - Alexander Radulov is hit by Chris Kunitz and loses puck.
10:32 of 2nd period - Antoine Vermette is hit by Paul Stastny and loses puck.
10:42 of 2nd period - Antoine Vermette is hit by Francois Beauchemin and loses puck.
10:44 of 2nd period - Chris Pronger beats up Dan Hamhuis.
10:44 of 2nd period - Penalty to Chris Pronger for Fighting.
10:44 of 2nd period - Penalty to Dan Hamhuis for Fighting.
10:45 of 2nd period - Jason Spezza wins face-off versus Mike Sillinger in Ducks zone.
10:47 of 2nd period - Minor Penalty to Hal Gill for Roughing.
10:48 of 2nd period - Antoine Vermette wins face-off versus Samuel Pahlsson in Ducks zone.
11:20 of 2nd period - Icing by Antoine Vermette.
11:21 of 2nd period - Samuel Pahlsson wins face-off versus Antoine Vermette in Senators zone.
12:28 of 2nd period - Shot by Dustin Penner.
12:28 of 2nd period - Stopped by Jean-Sebastien Giguere without a rebound.
12:29 of 2nd period - Samuel Pahlsson wins face-off versus Antoine Vermette in Ducks zone.
13:00 of 2nd period - Shot by Andrew Brunette.
13:00 of 2nd period - Shot Misses the Net.
13:02 of 2nd period - Shot by Paul Stastny.
13:02 of 2nd period - Deflect By Andrew Brunette.
13:02 of 2nd period - Shot Misses the Net.
13:06 of 2nd period - Shot by Paul Stastny.
13:06 of 2nd period - Shot Misses the Net.
13:10 of 2nd period - Shot by Chris Kunitz.
13:10 of 2nd period - Stopped by Pascal Leclaire without a rebound.
13:11 of 2nd period - Chris Kelly wins face-off versus Petr Cajanek in Senators zone.
13:11 of 2nd period - Chris Kelly is hit by Petr Cajanek.
13:33 of 2nd period - Shot by Peter Schaefer.
13:33 of 2nd period - Stopped by Jean-Sebastien Giguere without a rebound.
13:34 of 2nd period - Alexander Frolov wins face-off versus Paul Stastny in Ducks zone.
13:52 of 2nd period - Antoine Vermette is hit by Francois Beauchemin and loses puck.
14:07 of 2nd period - Shot by Andrew Brunette.
14:07 of 2nd period - Shot Misses the Net.
14:13 of 2nd period - Paul Stastny is hit by Alexander Frolov and loses puck.
14:14 of 2nd period - Paul Stastny from Ducks is injured at 14:14 of 2nd period (Hip).
14:15 of 2nd period - Mike Sillinger wins face-off versus Jason Spezza in Ducks zone.
14:22 of 2nd period - Shot by Dustin Penner.
14:22 of 2nd period - Shot Blocked by Hal Gill.
14:30 of 2nd period - Shot by Mike Sillinger.
14:30 of 2nd period - Stopped by Pascal Leclaire without a rebound.
14:31 of 2nd period - Petr Prucha wins face-off versus Todd Marchant in Senators zone.
15:00 of 2nd period - Samuel Pahlsson is hit by Peter Schaefer and loses puck.
15:14 of 2nd period - Icing by Jay Bouwmeester.
15:15 of 2nd period - Patrick Marleau wins face-off versus Chris Kelly in Senators zone.
15:21 of 2nd period - Icing by Marc-Andre Bergeron.
15:22 of 2nd period - Andy Mcdonald wins face-off versus Chris Kelly in Senators zone.
15:23 of 2nd period - Shot by Mike Fisher.
15:23 of 2nd period - Shot Misses the Net.
15:30 of 2nd period - Minor Penalty to Patrick Marleau for Boarding.
15:31 of 2nd period - Jean-Pierre Dumont wins face-off versus Travis Green in neutral zone.
15:50 of 2nd period - Alexander Radulov is hit by Travis Green and loses puck.
16:06 of 2nd period - Icing by Anton Volchenkov.
16:07 of 2nd period - Antoine Vermette wins face-off versus Todd Marchant in Senators zone.
16:33 of 2nd period - Icing by Petr Prucha.
16:34 of 2nd period - Jason Spezza wins face-off versus Travis Green in Senators zone.
19:01 of 2nd period - Icing by Patrick Marleau.
19:02 of 2nd period - Jason Spezza wins face-off versus Patrick Marleau in Ducks zone.
19:17 of 2nd period - Shot by Jason Spezza.
19:17 of 2nd period - Shot Misses the Net.
19:42 of 2nd period - Icing by Chris Pronger.
19:43 of 2nd period - Rostislav Olesz wins face-off versus Patrick Marleau in Ducks zone.
19:58 of 2nd period - Shot by Rostislav Olesz.
19:58 of 2nd period - Shot Misses the Net.

Period #3

0:01 of 3rd period - Andy Mcdonald wins face-off versus Jason Spezza in neutral zone.
0:27 of 3rd period - Off-side.
0:28 of 3rd period - Patrick Marleau wins face-off versus Antoine Vermette in neutral zone.
0:44 of 3rd period - Shot by Patrick Marleau.
0:44 of 3rd period - Stopped by Pascal Leclaire without a rebound.
0:45 of 3rd period - Mike Cammalleri wins face-off versus Petr Cajanek in Senators zone.
0:50 of 3rd period - Shot by Rostislav Olesz.
0:50 of 3rd period - Shot Misses the Net.
2:14 of 3rd period - Shot by Chris Kunitz.
2:14 of 3rd period - Shot Blocked by Jason Spezza.
2:18 of 3rd period - Shot by Francois Beauchemin.
2:18 of 3rd period - Shot Blocked by Jason Spezza.
2:29 of 3rd period - Minor Penalty to Mike Fisher for Roughing.
2:30 of 3rd period - Todd Marchant wins face-off versus Jason Spezza in Ducks zone.
2:51 of 3rd period - Shot by Jason Spezza.
2:51 of 3rd period - Deflect By Mike Cammalleri.
2:51 of 3rd period - Stopped by Jean-Sebastien Giguere without a rebound.
2:52 of 3rd period - Antoine Vermette wins face-off versus Samuel Pahlsson in Ducks zone.
3:51 of 3rd period - Jay Bouwmeester is hit by Travis Green and loses puck.
4:57 of 3rd period - Icing by Scott Niedermayer.
4:58 of 3rd period - Mike Fisher wins face-off versus Peter Schaefer in Ducks zone.
5:05 of 3rd period - Shot by Mike Fisher.
5:05 of 3rd period - Shot Misses the Net.
5:07 of 3rd period - Shot by Chris Kunitz.
5:07 of 3rd period - Stopped by Pascal Leclaire without a rebound.
5:08 of 3rd period - Tuomo Ruutu wins face-off versus Antoine Vermette in Senators zone.
5:14 of 3rd period - Alexander Radulov is hit by Hal Gill and loses puck.
5:19 of 3rd period - Shot by Petr Cajanek.
5:19 of 3rd period - Deflect By Mike Sillinger.
5:19 of 3rd period - Shot Misses the Net.
5:23 of 3rd period - Shot by Mike Sillinger.
5:23 of 3rd period - Goal by Mike Sillinger - Senators : 1 - Ducks : 4.
5:24 of 3rd period - Rostislav Olesz wins face-off versus Todd Marchant in neutral zone.
5:41 of 3rd period - Shot by Samuel Pahlsson.
5:41 of 3rd period - Stopped by Pascal Leclaire with a rebound.
5:52 of 3rd period - Off-side.
5:53 of 3rd period - Chris Kelly wins face-off versus Andy Mcdonald in neutral zone.
6:34 of 3rd period - Shot by Petr Prucha.
6:34 of 3rd period - Shot Hit the Post.
6:36 of 3rd period - Shot by Dan Hamhuis.
6:36 of 3rd period - Stopped by Jean-Sebastien Giguere without a rebound.
6:37 of 3rd period - Mike Sillinger wins face-off versus Rostislav Olesz in Ducks zone.
7:01 of 3rd period - Icing by Lee Stempniak.
7:02 of 3rd period - Petr Cajanek wins face-off versus Rostislav Olesz in Senators zone.
7:15 of 3rd period - Shot by Lee Stempniak.
7:15 of 3rd period - Shot Blocked by Hal Gill.
7:17 of 3rd period - Shot by Tom Preissing.
7:17 of 3rd period - Shot Blocked by Marek Malik.
7:33 of 3rd period - Mike Sillinger is hit by Dustin Penner and loses puck.
8:35 of 3rd period - Shot by Alexander Radulov.
8:35 of 3rd period - Shot Misses the Net.
8:39 of 3rd period - Shot by Alexander Frolov.
8:39 of 3rd period - Shot Misses the Net.
8:54 of 3rd period - Alexander Frolov is hit by Mike Fisher and loses puck.
8:58 of 3rd period - Minor Penalty to Anton Volchenkov for Roughing.
8:59 of 3rd period - Patrick Marleau wins face-off versus Alexander Frolov in Senators zone.
9:20 of 3rd period - Shot by Patrick Marleau.
9:20 of 3rd period - Stopped by Pascal Leclaire without a rebound.
9:21 of 3rd period - Mike Fisher wins face-off versus Antoine Vermette in Senators zone.
9:38 of 3rd period - Mike Fisher is hit by Tom Preissing and loses puck.
9:43 of 3rd period - Shot by Andrew Brunette.
9:43 of 3rd period - Shot Misses the Net.
9:45 of 3rd period - Shot by Mike Fisher.
9:45 of 3rd period - Stopped by Pascal Leclaire without a rebound.
9:46 of 3rd period - Andy Mcdonald wins face-off versus Alexander Frolov in Senators zone.
10:02 of 3rd period - Minor Penalty to Jay Bouwmeester for Hooking.
10:03 of 3rd period - Andy Mcdonald wins face-off versus Mike Cammalleri in Senators zone.
10:43 of 3rd period - Icing by Francois Beauchemin.
10:44 of 3rd period - Andy Mcdonald wins face-off versus Alexander Frolov in Ducks zone.
12:12 of 3rd period - Samuel Pahlsson is hit by Jay Bouwmeester and loses puck.
12:13 of 3rd period - Samuel Pahlsson from Ducks is injured at 12:13 of 3rd period (Lower Back).
12:14 of 3rd period - Jason Spezza wins face-off versus Travis Green in Senators zone.
12:14 of 3rd period - Jason Spezza is hit by Travis Green.
12:17 of 3rd period - Icing by Jean-Pierre Dumont.
12:18 of 3rd period - Jason Spezza wins face-off versus Todd Marchant in Senators zone.
12:18 of 3rd period - Jason Spezza is hit by Travis Green.
12:30 of 3rd period - Shot by Dustin Penner.
12:30 of 3rd period - Deflect By Jason Spezza.
12:30 of 3rd period - Shot Misses the Net.
12:44 of 3rd period - Shot by Travis Green.
12:44 of 3rd period - Shot Blocked by Jason Spezza.
12:46 of 3rd period - Shot by Travis Green.
12:46 of 3rd period - Shot Blocked by Jay Bouwmeester.
12:55 of 3rd period - Off-side.
12:56 of 3rd period - Rostislav Olesz wins face-off versus Petr Cajanek in neutral zone.
13:17 of 3rd period - Shot by Mike Sillinger.
13:17 of 3rd period - Shot Misses the Net.
13:48 of 3rd period - Off-side.
13:49 of 3rd period - Alexander Radulov wins face-off versus Andy Mcdonald in neutral zone.
13:54 of 3rd period - Shot by Alexander Frolov.
13:54 of 3rd period - Stopped by Jean-Sebastien Giguere without a rebound.
13:55 of 3rd period - Antoine Vermette wins face-off versus Mike Fisher in Ducks zone.
13:55 of 3rd period - Antoine Vermette is hit by Scott Niedermayer.
13:56 of 3rd period - Minor Penalty to Bryan Allen for Holding.
13:57 of 3rd period - Antoine Vermette wins face-off versus Patrick Marleau in Ducks zone.
13:58 of 3rd period - Shot by Jean-Pierre Dumont.
13:58 of 3rd period - Shot Misses the Net.
15:37 of 3rd period - Alexander Radulov is hit by Hal Gill and loses puck.
15:42 of 3rd period - Shot by Antoine Vermette.
15:42 of 3rd period - Stopped by Jean-Sebastien Giguere with a rebound.
16:56 of 3rd period - Shot by Petr Prucha.
16:56 of 3rd period - Stopped by Jean-Sebastien Giguere without a rebound.
16:57 of 3rd period - Antoine Vermette wins face-off versus Andy Mcdonald in Ducks zone.
17:44 of 3rd period - Shot by Petr Cajanek.
17:44 of 3rd period - Goal by Petr Cajanek - Senators : 1 - Ducks : 5.
17:45 of 3rd period - Petr Cajanek wins face-off versus Rostislav Olesz in neutral zone.
17:48 of 3rd period - Andrej Meszaros is hit by Andrew Brunette and loses puck.
18:13 of 3rd period - Shot by Mike Cammalleri.
18:13 of 3rd period - Shot Misses the Net.
18:15 of 3rd period - Shot by Rostislav Olesz.
18:15 of 3rd period - Stopped by Jean-Sebastien Giguere with a rebound.
18:25 of 3rd period - Shot by Mike Cammalleri.
18:25 of 3rd period - Shot Misses the Net.
18:27 of 3rd period - Shot by Rostislav Olesz.
18:27 of 3rd period - Shot Misses the Net.
18:29 of 3rd period - Shot by Lee Stempniak.
18:29 of 3rd period - Goal by Lee Stempniak - Senators : 2 - Ducks : 5.
18:30 of 3rd period - Andy Mcdonald wins face-off versus Jason Spezza in neutral zone.
18:51 of 3rd period - Shot by Andy Mcdonald.
18:51 of 3rd period - Deflect By Patrick Marleau.
18:51 of 3rd period - Shot Misses the Net.
18:53 of 3rd period - Shot by Andy Mcdonald.
18:53 of 3rd period - Shot Blocked by Marc-Andre Bergeron.
18:57 of 3rd period - Shot by Mike Fisher.
18:57 of 3rd period - Stopped by Pascal Leclaire without a rebound.
18:58 of 3rd period - Chris Kelly wins face-off versus Mike Sillinger in Senators zone.
19:05 of 3rd period - Shot by Andy Mcdonald.
19:05 of 3rd period - Shot Blocked by Marc-Andre Bergeron.
19:32 of 3rd period - Minor Penalty to Tuomo Ruutu for Hooking.
19:33 of 3rd period - Jason Spezza wins face-off versus Patrick Marleau in neutral zone.
19:40 of 3rd period - Shot by Alexander Frolov.
19:40 of 3rd period - Deflect By Mike Cammalleri.
19:40 of 3rd period - Shot Blocked by Chris Pronger.
19:42 of 3rd period - Shot by Alexander Frolov.
19:42 of 3rd period - Shot Blocked by Chris Pronger.
19:44 of 3rd period - Shot by Jay Bouwmeester.
19:44 of 3rd period - Shot Misses the Net.
19:46 of 3rd period - Shot by Jay Bouwmeester.
19:46 of 3rd period - Shot Misses the Net.
19:50 of 3rd period - Shot by Mike Cammalleri.
19:50 of 3rd period - Shot Misses the Net.
19:52 of 3rd period - Shot by Alexander Frolov.
19:52 of 3rd period - Stopped by Jean-Sebastien Giguere without a rebound.
19:53 of 3rd period - Dustin Penner wins face-off versus Todd Marchant in Ducks zone.


Output by the SimonT Hockey Simulator (STHS) for Stephane Roy -- Original Page W3C XHTML 1.0 Valid